 Dungeon Crawl Stone Soup version 0.24.0-123-gd5b16e6ec5 (webtiles) character file.

Game seed: 11352980520352649628, levelgen mode: deterministic

56187 Emblim88 the Markscentaur (level 14, 0/127 HPs)
             Began as a Centaur Hunter on Jan 11, 2020.
             Was an Initiate of Gozag.
             Slain by an Executioner (4 damage)
             ... on level 2 of the Abyss.
             The game lasted 01:12:24 (28623 turns).

Emblim88 the Markscentaur (Centaur Hunter)         Turns: 28623, Time: 01:12:25

Health: 0/127      AC: 17    Str: 17    XL:     14   Next: 41%
Magic:  0/28       EV: 11    Int:  7    God:    Gozag
Gold:   975        SH:  0    Dex: 13    Spells: 12/13 levels left

rFire    . . .     SeeInvis +   U - +11 spear of Eternal War {drain, rC+}
rCold    + + .     Gourm    .   (no shield)
rNeg     . . .     Faith    .   F - +3 ring mail of Soraesub {rC+ MP+9 Int-3}
rPois    .         Spirit   +   (no helmet)
rElec    +         Reflect  .   w - scarf {Spirit}
rCorr    .         Harm     +   o - +0 pair of gloves
MR       ++...                  m - +1 centaur barding
Stlth    +.........             t - amulet of harm
HPRegen  0.31/turn              e - ring of protection from magic
MPRegen  0.21/turn              T - ring "Nuqiep" {Wiz rElec SInv}

@: berserk cooldown, very slightly contaminated, lightly drained, very slow
A: large, hooves 3, deformed body, speed 2, tough skin 3
a: Potion Petition, Call Merchant, Bribe Branch, Renounce Religion


You were on level 2 of the Abyss.
You worshipped Gozag.
Gozag was pleased with you.
You were not hungry.

You visited 3 branches of the dungeon, and saw 19 of its levels.
You visited the Abyss 1 time.

You collected 3878 gold pieces.
You spent 2216 gold pieces at shops.
You paid 687 gold pieces to Gozag.

Inventory:

Hand Weapons
 a - a +4 shortbow
 U - the +11 spear of Eternal War (weapon) {drain, rC+}
   (You bought it in a shop on level 11 of the Dungeon)

   A truly terrible weapon, it drains the life of those it strikes.
   It protects you from cold.
Missiles
 d - 342 arrows
Armour
 m - a +1 centaur barding (worn)
 o - a +0 pair of gloves (worn)
 w - a scarf of spirit shield (worn)
 F - the +3 ring mail of Soraesub (worn) {rC+ MP+9 Int-3}
   (You bought it in a shop on level 2 of the Lair of Beasts)

   It affects your intelligence (-3).
   It protects you from cold.
   It affects your magic capacity (+9).
Jewellery
 e - a ring of protection from magic (left hand)
 n - an uncursed ring of flight
 t - an amulet of harm (around neck)
 J - a +4 ring of intelligence
 P - an uncursed ring of ice
 T - the ring "Nuqiep" (right hand) {Wiz rElec SInv}
   (You bought it in a shop on level 11 of the Dungeon)

   [ring of wizardry]

   It improves your spell success rate.
   It insulates you from electricity.
   It lets you see invisible.
Wands
 k - a wand of enslavement (18)
 y - a wand of acid (14)
 z - a wand of polymorph (7)
 M - a wand of flame (12)
 S - a wand of paralysis (18)
 V - a wand of iceblast (4)
 X - a wand of scattershot (9)
 Y - a wand of digging (6)
Scrolls
 c - 6 scrolls of amnesia
 h - a scroll of identify
 i - a scroll of summoning
 l - a scroll of fog
 p - 5 scrolls of enchant armour
 q - 3 scrolls of blinking
 s - 2 scrolls of fear
 u - 4 scrolls of magic mapping
 v - 2 scrolls of immolation
 D - 2 scrolls of remove curse
 E - 2 scrolls of holy word {unknown}
 N - 3 scrolls of enchant weapon
 O - a scroll of noise
Potions
 b - 5 potions of mutation
 g - 3 potions of curing
 j - 2 potions of brilliance
 r - 4 potions of flight
 x - 2 potions of agility
 A - a potion of ambrosia
 C - 7 potions of might
 H - a potion of cancellation
 I - 2 potions of lignification
 L - 2 potions of magic
 Q - a potion of berserk rage
Miscellaneous
 B - a sack of spiders
 G - a box of beasts
Comestibles
 f - 17 rations


   Skills:
 + Level 12.5(12.0) Fighting
   Level 1.1(0.8) Long Blades
 + Level 7.4(7.0) Polearms
 - Level 15.4(14.9) Bows
 + Level 6.4(6.1) Armour
 + Level 9.9(9.5) Dodging
 - Level 0.4(0.1) Stealth
 + Level 2.2(1.9) Summonings
 + Level 7.4(7.1) Evocations


You had 12 spell levels left.
You knew the following spells:

 Your Spells              Type           Power        Failure   Level  Hunger
a - Summon Butterflies    Summ           #.......     14%         1    ##.....

Your spell library contained the following spells:

 Spells                   Type           Power        Failure   Level  Hunger
 Summon Small Mammal      Summ           #...         14%         1    ##.....
 Call Imp                 Summ           #.......     21%         2    ###....
 Confusing Touch          Hex            #.....       30%         1    ##.....
 Flame Tongue             Conj/Fire      #....        30%         1    ##.....
 Call Canine Familiar     Summ           #.......     38%         3    ####...
 Throw Flame              Conj/Fire      #.....       41%         2    ###....
 Recall                   Summ/Tloc      N/A          52%         3    ####...
 Summon Guardian Golem    Hex/Summ       #.......     52%         3    ####...
 Confuse                  Hex            #.......     65%         3    ####...
 Conjure Flame            Conj/Fire      #.......     65%         3    ####...
 Gell's Gravitas          Tloc           #.........   65%         3    ####...
 Inner Flame              Hex/Fire       #.......     65%         3    ####...
 Summon Ice Beast         Ice/Summ       #.......     88%         4    #####..
 Summon Lightning Spire   Summ/Air       #.......     88%         4    #####..
 Animate Dead             Necr           N/A          95%         4    #####..
 Petrify                  Tmut/Erth      #.......     95%         4    #####..
 Sticky Flame             Conj/Fire      #.......     95%         4    #####..
 Summon Mana Viper        Hex/Summ       #.......     99%         5    ######.
 Borgnjor's Vile Clutch   Necr/Erth      #.........   100%        5    ######.
 Fireball                 Conj/Fire      #.........   100%        5    ######.
 Metabolic Englaciation   Hex/Ice        #.........   100%        5    ######.
 Silence                  Hex/Air        #.........   100%        5    ######.
 Yara's Violent Unravell  Hex/Tmut       #.........   100%        5    ######.
 Conjure Ball Lightning   Conj/Air       #.........   100%        6    #######
 Death Channel            Necr           #.........   100%        6    #######
 Deflect Missiles         Chrm/Air       #.........   100%        6    #######
 Simulacrum               Ice/Necr       #.........   100%        6    #######
 Summon Hydra             Summ           #.........   100%        7    #######
 Tornado                  Air            #.........   100%        9    #######


Dungeon Overview and Level Annotations

Branches:
Dungeon (15/15)            Temple (1/1) D:7            Lair (3/6) D:9
  Snake (0/4) Lair:2          Orc (0/2) D:12         Vaults (0/5) D:14
 Depths (0/5) D:15
  Swamp: Lair:2-4    Shoals: Lair:2-4

Altars:
Ashenzari
Cheibriados
Dithmenos
Elyvilon
Fedhas
Gozag
Hepliaklqana
Kikubaaqudgha
Makhleb
Nemelex Xobeh
Okawaru
Qazlal
Ru
Sif Muna
Trog
Uskayaw
Vehumet
Wu Jian
Xom
Yredelemnul
Zin
The Shining One

Shops:
D:7 =   D:9 *   D:11 *!!*   Lair:2 [

Annotations:
Lair:3 Sonja


Innate Abilities, Weirdness & Mutations

You have hooves in place of feet.
Armour fits poorly on your strangely shaped body.
You cover ground very quickly.
You have extremely tough skin. (AC +3)


Message History

A spatial maelstrom comes into view.
The Executioner gestures.
The Executioner seems to speed up.
A spatial vortex comes into view. x2
A spatial vortex comes into view.
The Executioner hits you!
* * * LOW HITPOINT WARNING * * *
The Executioner hits you but does no damage.
The Executioner hits you.
You enter the shallow water.
Moving in this stuff is going to be slow.
The Executioner hits you!!
* * * LOW HITPOINT WARNING * * *
The Executioner hits you but does no damage.
The Executioner hits you.
* * * LOW HITPOINT WARNING * * *
A spatial vortex comes into view.
The Executioner hits you.
You die...
Your body crumbles into a pile of gold.

.# .... # ## .°## ..
#### ## ...#.#.#.#.
##v.##. .
.##...#.#####..#.. ..
.##.. ...##........# ..v
...................#.v.v
.........$$$!$...v....
..........!......v#.
...............1@..#
.... ...........##># .
..............≈# #
##......##.....≈#
##...##..#.X..## . .#.
...##.#..## #....
.X#..## ##.##..## . .#.


You could see a spatial maelstrom, an Executioner, 5 spatial vortices and 2
large abominations.

Vanquished Creatures
  Rupert (D:11)
  Kirke (D:14)
  Josephine (D:13)
  4 hydras
  A great orb of eyes (D:14)
  An ice dragon (D:11)
  6 centaur warriors
  4 two-headed ogres
  3 death yaks (D:8)
  Urug (D:14)
  A deep elf knight (D:13)
  5 skeletal warriors (D:13)
  A flayed ghost (D:11)
  An unseen horror (D:12)
  An oklob plant (Lair:1)
  5 ugly things
  7 cyclopes
  2 manticores
  3 elephants (Lair:1)
  A guardian serpent (Lair:2)
  An apocalypse crab (Abyss:2)
  4 spiny frogs
  2 gargoyles
  3 komodo dragons
  A kobold demonologist (D:14)
  A freezing wraith (D:11)
  5 trolls
  3 meliai (D:13)
  4 blink frogs (Lair:2)
  A hippogriff (shapeshifter) (D:15)
  7 hippogriffs
  13 slime creatures
  3 large abominations (Abyss:2)
  2 shadows
  6 wraiths
  3 wyverns
  7 hogs
  6 yaks (Lair:2)
  3 basilisks
  16 humans
  A hungry ghost (D:9)
  2 steam dragons
  4 vampire mosquitoes
  A soldier ant (shapeshifter) (D:13)
  A soldier ant (D:11)
  3 water moccasins
  A meliai simulacrum (D:14)
  6 porcupines
  4 ice beasts
  5 orc warriors
  A black bear (D:12)
  An eye of draining (D:12)
  4 sky beasts
  3 phantoms
  4 ogres
  13 wolves
  A necrophage (D:7)
  9 centaurs
  5 crocodiles
  A big kobold (D:7)
  9 bullfrogs
  A gnoll sergeant (D:9)
  7 scorpions
  9 killer bees
  6 wights
  2 howler monkeys
  3 crimson imps
  8 hounds
  3 quasits
  A centaur zombie (D:11)
  6 jellies
  2 bullfrog skeletons
  A gnoll shaman (D:7)
  11 orc priests
  5 iguanas
  13 orc wizards
  Crazy Yiuf (D:4)
  2 centaur skeletons
  Jessica (D:2)
  3 hell rats (D:9)
  10 worker ants
  Terence (D:3)
  A howler monkey zombie (D:8)
  2 worker ant zombies
  16 gnolls
  3 howler monkey skeletons (D:4)
  11 adders
  2 river rats (D:9)
  2 shadow imps (D:9)
  An ufetubus (Abyss:2)
  8 oozes
  A worm (D:4)
  4 adder skeletons
  2 dart slugs (D:4)
  4 leopard geckos
  55 orcs
  A ball python (D:2)
  5 giant cockroaches
  10 goblins
  9 hobgoblins
  15 jackals
  6 quokkas
  9 bats
  A frilled lizard (D:1)
  8 kobolds
  2 quokka skeletons (D:4)
  7 rats
  A plant (Lair:1)
502 creatures vanquished.

Vanquished Creatures (collateral kills)
  A tengu warrior (D:14)
  A freezing wraith (D:14)
2 creatures vanquished.

Vanquished Creatures (others)
  A wizard (D:9)
  2 starspawn tentacles (Abyss:1)
3 creatures vanquished.

Grand Total: 507 creatures vanquished

Notes
Turn   | Place    | Note
-------+----------+-------------------------------------------
     0 | D:1      | Emblim88 the Centaur Hunter began the quest for the Orb.
     0 | D:1      | Reached XP level 1. HP: 17/17 MP: 1/1
   297 | D:1      | Reached XP level 2. HP: 24/24 MP: 2/2
   856 | D:2      | Reached XP level 3. HP: 30/30 MP: 3/3
  1042 | D:2      | Reached skill level 6 in Bows
  1166 | D:2      | Reached XP level 4. HP: 36/37 MP: 4/4
  1526 | D:2      | Noticed Jessica
  1530 | D:2      | Killed Jessica
  1530 | D:2      | Reached XP level 5. HP: 42/45 MP: 5/5
  1926 | D:3      | Noticed Terence
  1935 | D:3      | Killed Terence
  2146 | D:3      | Found a glowing silver altar of Zin.
  2158 | D:3      | Found a hide-covered altar of Uskayaw.
  2163 | D:3      | Found a radiant altar of Vehumet.
  2413 | D:3      | Found a shimmering altar of Xom.
  2413 | D:3      | Found a faded altar of an unknown god.
  2418 | D:3      | Found an ancient bone altar of Kikubaaqudgha.
  2420 | D:3      | Found a shadowy altar of Dithmenos.
  2421 | D:3      | Found a faded altar of an unknown god.
  2422 | D:3      | Reached skill level 7 in Bows
  2427 | D:3      | Reached XP level 6. HP: 28/52 MP: 6/6
  3119 | D:4      | Reached XP level 7. HP: 42/60 MP: 7/7
  3296 | D:4      | Found an ornate altar of the Wu Jian Council.
  3351 | D:4      | Found a bloodstained altar of Trog.
  3351 | D:4      | Found a shattered altar of Ashenzari.
  3373 | D:4      | Found a runed translucent door.
  3374 | D:4      | Noticed Crazy Yiuf
  3607 | D:4      | Reached skill level 8 in Bows
  4056 | D:4      | Reached skill level 5 in Fighting
  4620 | D:4      | Killed Crazy Yiuf
  4949 | D:5      | Entered Level 5 of the Dungeon
  5679 | D:5      | Found a basalt altar of Yredelemnul.
  5679 | D:5      | Found a shimmering blue altar of Sif Muna.
  6178 | D:6      | Reached XP level 8. HP: 70/70 MP: 8/8
  6209 | D:6      | Reached skill level 9 in Bows
  6706 | D:6      | Reached skill level 5 in Dodging
  6934 | D:6      | Reached skill level 10 in Bows
  7343 | D:7      | Reached XP level 9. HP: 58/79 MP: 9/9
  7786 | D:7      | Found a staircase to the Ecumenical Temple.
  7798 | Temple   | Entered the Ecumenical Temple
  8041 | Temple   | Became a worshipper of Gozag Ym Sagoz the Greedy
  8207 | D:7      | Found Destyjaj's Jewellery Shop.
  8425 | D:8      | Reached skill level 11 in Bows
  9904 | D:9      | Noticed a death yak
 10067 | D:8      | Killed a death yak
 10067 | D:8      | Reached skill level 12 in Bows
 10067 | D:8      | Reached XP level 10. HP: 31/90 MP: 10/10
 10588 | D:9      | Noticed a death yak
 10714 | D:8      | Killed a death yak
 10829 | D:9      | Noticed a death yak
 10875 | D:8      | HP: 4/91 [death yak (19)]
 11014 | D:8      | Killed a death yak
 11316 | D:9      | Found a staircase to the Lair.
 11799 | D:9      | Found Gemnotty's Assorted Antiques.
 11870 | D:9      | Found a bloodstained altar of Trog.
 12053 | D:9      | Noticed a wizard
 12060 | D:9      | Killed a wizard
 12242 | D:10     | Entered Level 10 of the Dungeon
 12595 | D:10     | Reached skill level 13 in Bows
 13272 | D:11     | Noticed a cyclops
 13285 | D:11     | Killed a cyclops
 13285 | D:11     | Reached skill level 1 in Long Blades
 13285 | D:11     | Reached skill level 1 in Armour
 13322 | D:11     | Found Sizim's Assorted Antiques.
 13325 | D:11     | Bought an ancient glass ring for 135 gold pieces
 13325 | D:11     | Bought a crystal spear for 216 gold pieces
 13325 | D:11     | Identified the +11 spear of Eternal War {drain, rC+} (You
                  | bought it in a shop on level 11 of the Dungeon)
 13328 | D:11     | Identified the ring "Nuqiep" {Wiz rElec SInv} (You bought
                  | it in a shop on level 11 of the Dungeon)
 13460 | D:11     | Found Tuelolor's Distillery.
 13488 | D:11     | Bought a potion of heal wounds for 80 gold pieces
 13488 | D:11     | Bought a potion of might for 64 gold pieces
 13488 | D:11     | Bought a potion of invisibility for 128 gold pieces
 13595 | D:11     | Found Ronoc's Assorted Antiques.
 13602 | D:11     | Bought a scroll of identify for 66 gold pieces
 13602 | D:11     | Bought 2 yellow potions for 59 gold pieces
 13602 | D:11     | Bought a tapered bronze wand for 132 gold pieces
 14033 | D:11     | Noticed a seven-headed hydra
 14033 | D:11     | Noticed an ice dragon
 14033 | D:11     | Noticed a centaur warrior
 14044 | D:11     | Found Haricw's Distillery.
 14341 | D:11     | Noticed a two-headed ogre
 14370 | D:11     | Killed a two-headed ogre
 14370 | D:11     | Reached XP level 11. HP: 79/99 MP: 8/11
 14486 | D:11     | Bought a scroll labeled QOVELU IPUFF for 27 gold pieces
 14530 | D:11     | Killed a seven-headed hydra
 14530 | D:11     | Reached skill level 10 in Fighting
 14530 | D:11     | Reached skill level 1 in Polearms
 14530 | D:11     | Reached skill level 1 in Evocations
 14553 | D:11     | Killed a centaur warrior
 15296 | D:11     | Bought a potion of haste for 140 gold pieces
 15296 | D:11     | Bought a potion of curing for 42 gold pieces
 15296 | D:11     | Bought a potion of invisibility for 112 gold pieces
 15296 | D:11     | Bought a potion of heal wounds for 70 gold pieces
 15622 | D:11     | Noticed a flayed ghost
 15630 | D:11     | Killed a flayed ghost
 15858 | D:11     | Killed an ice dragon
 16259 | D:12     | Noticed Rupert
 16289 | D:11     | HP: 5/100 [poisoned by a killer bee]
 16294 | D:11     | HP: 5/100 [poisoned by a killer bee]
 16296 | D:11     | Paralysed by Rupert for 5 turns
 16304 | D:11     | Paralysed by Rupert for 3 turns
 16396 | D:11     | Killed Rupert
 16753 | D:12     | Noticed a cyan ugly thing
 16779 | D:12     | Killed a cyan ugly thing
 16884 | D:12     | Noticed an unseen horror
 16889 | D:12     | Killed an unseen horror
 16889 | D:12     | Reached skill level 14 in Bows
 17062 | D:12     | Noticed a two-headed ogre
 17090 | D:12     | Killed a two-headed ogre
 17090 | D:12     | Reached XP level 12. HP: 108/108 MP: 11/14
 18086 | D:12     | Found a staircase to the Orcish Mines.
 18319 | D:13     | You fall into a shaft and drop 2 floors!
 18319 | D:15     | Entered Level 15 of the Dungeon
 18319 | D:15     | Noticed a centaur warrior
 18333 | D:15     | Killed a centaur warrior
 18391 | D:15     | Noticed a centaur warrior
 18414 | D:15     | Killed a centaur warrior
 19203 | D:14     | Noticed an eight-headed hydra
 19244 | D:14     | Killed an eight-headed hydra
 19314 | D:14     | Noticed a centaur warrior
 19329 | D:14     | Noticed Urug
 19340 | D:14     | Noticed a tengu warrior
 19361 | D:14     | Killed a tengu warrior
 19361 | D:14     | Reached skill level 5 in Evocations
 19783 | D:14     | Found a gate to the Vaults.
 19807 | D:14     | Killed a centaur warrior
 19807 | D:14     | Reached skill level 5 in Polearms
 20132 | D:13     | Noticed a two-headed ogre
 20140 | D:13     | Killed a two-headed ogre
 20399 | D:13     | Reached XP level 13. HP: 105/116 MP: 14/17
 20500 | D:13     | HP: 3/116 [titanic slime creature (85)]
 21066 | D:13     | Reached skill level 15 in Bows
 21429 | D:13     | Reached skill level 5 in Armour
 23743 | D:13     | Noticed Josephine
 23762 | D:13     | Killed Josephine
 24027 | D:14     | Noticed Kirke
 24176 | D:14     | Killed Kirke
 24270 | D:14     | Paralysed by a great orb of eyes for 6 turns
 25018 | D:14     | Killed Urug
 25018 | D:14     | Reached XP level 14. HP: 111/126 MP: 16/19
 25324 | D:14     | Found a stormy altar of Qazlal.
 25668 | D:14     | Learned a level 1 spell: Summon Butterflies
 25813 | Lair:1   | Entered Level 1 of the Lair of Beasts
 26296 | Lair:1   | Reached skill level 1 in Summonings
 26916 | Lair:2   | Found a staircase to the Snake Pit.
 27879 | Lair:2   | Bought a spiked scale mail for 315 gold pieces
 27889 | Lair:2   | Identified the +3 scale mail of a ziggurat {Int+5} (You
                  | bought it in a shop on level 2 of the Lair of Beasts)
 27889 | Lair:2   | Bought a transparent scale mail for 315 gold pieces
 27899 | Lair:2   | Identified the +1 scale mail of Amyj {SInv} (You bought it
                  | in a shop on level 2 of the Lair of Beasts)
 27899 | Lair:2   | Bought an encrusted ring mail for 315 gold pieces
 27909 | Lair:2   | Identified the +3 ring mail of Soraesub {rC+ MP+9 Int-3}
                  | (You bought it in a shop on level 2 of the Lair of Beasts)
 28177 | Lair:3   | Noticed Sonja
 28186 | Lair:3   | Cast into level 1 of the Abyss (Sonja)
 28239 | Abyss:1  | Noticed a brown very ugly thing
 28240 | Abyss:1  | Noticed a brown very ugly thing
 28474 | Abyss:1  | Noticed a tentacled starspawn
 28613 | Abyss:2  | Noticed an Executioner
 28623 | Abyss:2  | HP: 4/127 [Executioner (5)]
 28623 | Abyss:2  | Slain by an Executioner

Levels and vault maps discovered:
D:1:      dpeg_arrival_snail, layout_rooms, hex_medium
D:2:      layout_basic, chequers_garden, minivault_14, uniq_jessica
D:3:      layout_loops_ring, minmay_overflow_temple_star_quad,
          chequers_temple_overflow_minitemple, uniq_terence
D:4:      layout_basic, kennysheep_mini, gammafunk_temple_overflow_statue,
          first_ration, uniq_crazy_yiuf_cottage
D:5:      layout_basic, gammafunk_temple_overflow_pools
D:6:      layout_loops_ring, grunt_decor_resistance, fountainhead
D:7:      layout_loops_cross, minmay_temple_entry_large_hall, serial_shops,
          nicolae_shop_crystal
D:8:      layout_cave_pools, hangedman_little_slice_of_home
D:9:      layout_basic, dpeg_lair_monsters, serial_shops, shop, trog_wizard
D:10:     layout_basic, hangedman_decor_growths
D:11:     minmay_shrinking_squares, layout_long_grid, serial_shops,
          nicolae_shop_crystal, nicolae_shop_overgrown_old_shop, shop,
          nicolae_shop_stone
D:12:     layout_loops_ring, hiddenorc1_lemuel, uniq_rupert
D:13:     minmay_tri_box, layout_long_grid, uniq_josephine
D:14:     layout_basic, david_vaults_3, basic_altar, serial_bayou_pond_e,
          uniq_kirke
D:15:     hangedman_depths_entry_try_elsewhere_first, layout_irregular_city,
          chequers_serial_rivers_micro_c, serial_shops, shop_scrolls
Temple:   minmay_temple_curvy_loop
Lair:1:   layout_regular_city, serial_bayou_shore_a, minmay_lair_oklob_chamber
Lair:2:   layout_loops_ring, minmay_snake_entry_spellcaster
Lair:3:   layout_gridlike, infiniplex_staircase_pool, uniq_sonja
Abyss:2:  base:
D:14

Skill      XL: |  1  2  3  4  5  6  7  8  9 10 11 12 13 14 |
---------------+-------------------------------------------+-----
Dodging        | 2 3 4 5 6 7 8 9 |  9.9
Bows           | 6 7 8 10 12 13 14 15 | 15.4
Fighting       | 3 4 5 7 8 9 10 11 12 | 12.5
Long Blades    | 1 |  1.1
Armour         | 1 3 4 6 |  6.4
Polearms       | 3 5 6 7 |  7.4
Evocations     | 3 5 6 7 |  7.4
Summonings     | 2 |  2.2
Stealth        | |  0.4

Action                   |  1- 3 |  4- 6 |  7- 9 | 10-12 | 13-15 || total
-------------------------+-------+-------+-------+-------+-------++-------
Melee: Mace              |       |    53 |    87 |       |       ||   140
       Kick              |       |    12 |    80 |    62 |   129 ||   283
       Great sword       |       |       |   213 |    87 |       ||   300
       Spear             |       |       |       |   210 |   479 ||   689
 Fire: Shortbow          |   104 |    99 |   185 |   535 |   331 ||  1254
Invok: Call Merchant     |       |       |       |       |     1 ||     1
Evoke: Wand              |       |       |    11 |       |     2 ||    13
       Box of beasts     |       |       |       |     1 |       ||     1
       Phantom mirror    |       |       |       |     1 |       ||     1
  Use: Potion            |       |       |    14 |    13 |     6 ||    33
       Scroll            |       |       |    10 |    23 |     2 ||    35
 Stab: Invisible         |       |       |     4 |       |     4 ||     8
       Distracted        |       |       |     1 |       |     1 ||     2
  Eat: Chunk             |       |     2 |     4 |       |       ||     6
       Ration            |       |     1 |     4 |    13 |     7 ||    25
Armor: Leather armour    |    16 |    28 |       |       |       ||    44
       Scale mail        |       |     3 |   290 |       |       ||   293
       Chain mail        |       |       |       |   259 |   192 ||   451
       Ring mail         |       |       |       |       |    39 ||    39
Dodge: Dodged            |    20 |    44 |   179 |    95 |   123 ||   461
       Rpst.: Great sword |       |       |    37 |     8 |       ||    45
